 Dungeon Crawl Stone Soup version 0.31-a0-963-ga325b2283a (webtiles) character file.

Game seed: 18358775186705612050

51 Maxmaps the Changeling (level 3, 0/23 HPs)
             Began as an Octopode Shapeshifter on Oct 25, 2023.
             Slain by a goblin
             ... wielding a +0 dagger
             ... led by Robin
              (2 damage)
             ... on level 2 of the Dungeon.
             The game lasted 00:01:00 (1031 turns).

Maxmaps the Changeling (Octopode Shapeshifter)      Turns: 1031, Time: 00:01:00

Health: 0/23       AC:  1    Str: 13    XL:     3   Next: 81%
Magic:  3/3        EV: 13    Int: 14    God:
Gold:   28         SH:  0    Dex: 11    Spells: 2/2 levels left

rFire   . .          .
                       - Unarmed
rCold   . . .        (no shield)
rNeg    . . .        (helmet currently unavailable)
rPois   .            (no amulet)
rElec   .            (no ring)
rCorr   .            (no ring)
SInv    .            (no ring)
Will    .....        (no ring)
Stlth   ++           (no ring)
HPRegen 0.23/turn    (no ring)
MPRegen 0.08/turn    (no ring)
                     (no ring)

%: no passive effects
@: beast-form
A: beast (slay +2), almost no armour, amphibious, 8 rings, camouflage 1,
gelatinous body 1, (nimble swimmer 1), tentacles
a: Begin Untransformation


You were on level 2 of the Dungeon.
You were a hulking beast.
You visited 1 branch of the dungeon, and saw 2 of its levels.

You collected 28 gold pieces.

Inventory:

Talismans
 b - a beast talisman
 c - a flux talisman
Scrolls
 d - a scroll of poison {unknown}
 e - a scroll of fog {unknown}
Potions
 a - a potion of lignification


   Skills:
 - Level 1.0 Fighting
 - Level 2.0 Dodging
 - Level 3.0 Unarmed Combat
 + Level 4.4 Shapeshifting


You had 2 spell levels left.
You didn't know any spells.
Your spell library contained the following spells:

 Spells                   Type           Power      Damage    Failure   Level
 Apportation              Tloc           0%         N/A       28%         1
 Necrotise                Necr           0%         1d4       28%         1
 Summon Small Mammal      Summ           0%         N/A       28%         1


Dungeon Overview and Level Annotations

Branches:
Dungeon (2/15)

Altars:

Shops:
D:2 *


Innate Abilities, Weirdness & Mutations

You are a hulking beast.
Your limbs bulge with bestial killing power. (Slay +2)
You cannot wear most types of armour.
You are amphibious.
You can wear up to eight rings at the same time.
Your skin changes colour to match your surroundings (Stealth+).
Your rubbery body absorbs attacks. (AC +1, EV +1)
((You are camouflaged when in or above water. (Stealth+)))
You have tentacles for arms and can constrict up to eight enemies at once.


Message History

Robin is lightly wounded.
You constrict Robin. Robin hits you with a +0 spear.
The goblin hits you with a +0 dagger.
You tentacle-slap Robin. You squeeze Robin, but do no damage.
Robin is moderately wounded.
You constrict Robin. Robin hits you with a +0 spear.
The goblin closely misses you.
You are too injured to fight recklessly!
You are too injured to fight recklessly!
You are too injured to fight recklessly!
You are too injured to fight recklessly!
You are too injured to fight recklessly!
You are too injured to fight recklessly!
You are too injured to fight recklessly!
You are too injured to fight recklessly!
You are too injured to fight recklessly!
You are too injured to fight recklessly!
You are too injured to fight recklessly!
You are too injured to fight recklessly!
You are too injured to fight recklessly!
You are too injured to fight recklessly!
You are too injured to fight recklessly!
You are too injured to fight recklessly!
You are too injured to fight recklessly!
You are too injured to fight recklessly!
Unknown command.
You are too injured to fight recklessly!
You tentacle-slap Robin. You squeeze Robin.
You kill Robin!
The goblin hits you with a +0 dagger.
* * * LOW HITPOINT WARNING * * *
Unknown command.
You tentacle-slap the goblin. Your grab misses the goblin.
The goblin is almost dead.
The goblin barely misses you.
You barely miss the goblin. Your grab misses the goblin.
Your squeeze misses the goblin.
The goblin is almost dead.
The goblin hits you with a +0 dagger.
You die...

### #....∩..... . #..
#..........
..#.######..........
#####.#...<....)†.......
.....#..#.###.)........
#..#..#.....#)##.###
#...).#####.#.# .#
##....# ..#g# #####....#
####h# .).##....# #)#
...##....# #.#
.........# #..
...##.#..# ###
..†##.#..# ...##.#..#
....#.#..# ....#.#...


You could see a goblin (strong).

Vanquished Creatures
  Robin (D:2)
  2 worms (D:2)
  A bat (D:1)
  3 endoplasms
  A giant cockroach (D:1)
  10 goblins
  4 hobgoblins (D:1)
  A quokka (D:2)
  3 ball pythons (D:1)
  2 frilled lizards (D:1)
  3 kobolds (D:1)
31 creatures vanquished.

Notes
Turn   | Place    | Note
-------+----------+-------------------------------------------
     0 | D:1      | Maxmaps the Octopode Shapeshifter began the quest for the
                  | Orb.
     0 | D:1      | Reached XP level 1. HP: 13/13 MP: 1/1
   170 | D:1      | Reached XP level 2. HP: 10/18 MP: 2/2
   973 | D:2      | Reached XP level 3. HP: 20/23 MP: 3/3
   976 | D:2      | Reached skill level 4 in Shapeshifting
  1003 | D:2      | Found Eqowk's General Store.
  1020 | D:2      | Noticed Robin
  1029 | D:2      | Killed Robin
  1029 | D:2      | HP: 1/23 [goblin/+0 dagger[Robin] (6)]
  1031 | D:2      | Slain by a goblin

Illustrated notes

Levels and vault maps discovered:
D:1:      psy_arrival_spokes, layout_basic, hex_large, roderic_lattice_a
D:2:      layout_basic, serial_shops, shop, dilly_ecumenical_altar_fadedgnrine,
          uniq_robin

Skill      XL: |  1  2  3 |
---------------+----------+-----
Shapeshifting  | 4 |  4.4
Fighting       | |  1.0
Dodging        | |  2.0
Unarmed Combat | |  3.0

Action                     || total
---------------------------++-------
  Melee: Unarmed           ||    63
         Constrict         ||    12
         Punch             ||     2
         Tentacles         ||     9
   Stab: Sleeping          ||     7
 Armour: Skin              ||    20
  Dodge: Dodged            ||    34

Table legend: (Time is in decaauts)
 A = Elapsed time spent in this place.
 B = Non-inter-level travel time spent in this place.
 C = Inter-level travel time spent in this place.
 D = Time resting spent in this place.
 E = Time spent auto-exploring this place.
 F = Levels seen in this place.
 G = Mean time per level.
                   A        B        C        D        E       F      G
               +--------+--------+--------+--------+--------+-----+--------+
         Total |   1027 |   1011 |     16 |      0 |    845 |   2 |  513.5 |
       Dungeon |   1027 |   1011 |     16 |      0 |    845 |   2 |  513.5 |
               +--------+--------+--------+--------+--------+-----+--------+

Top non-repeatable levels by time:
     D:1: 964 daAuts
     D:2: 62 daAuts
